 Dungeon Crawl Stone Soup version 0.31.0-32-g396128a36d (webtiles) character file.

Game seed: 16470336750391584483

22596 H0rd4k the Black Belt (level 13, -1/86 HPs)
             Began as an Octopode Artificer on Apr 16, 2024.
             Was an Initiate of Gozag.
             Slain by a blink frog (17 damage)
             ... on level 3 of the Lair of Beasts.
             The game lasted 00:24:03 (17729 turns).

H0rd4k the Black Belt (Octopode Artificer)         Turns: 17729, Time: 00:24:03

Health: -1/86      AC:  3    Str: 18    XL:     13   Next: 1%
Magic:  22/22      EV: 14    Int: 18    God:    Gozag
Gold:   976        SH:  0    Dex: 18    Spells: 12/12 levels left

rFire   . .          .
                       - Unarmed
rCold   + + .        (no shield)
rNeg    . . .        (helmet restricted)
rPois   .            j - amulet of the acrobat
rElec   .            i - +6 ring of dexterity
rCorr   .            d - +6 ring of strength
SInv    .            E - ring of ice
Will    .....        f - ring of magical power
Stlth   +++          o - ring of protection from fire
HPRegen 0.34/turn    (no ring)
MPRegen 0.18/turn    (no ring)
                     (no ring)

%: acrobat
@: gold aura
A: almost no armour, amphibious, 8 rings, camouflage 1, gelatinous body 1,
(nimble swimmer 1), tentacles, tentacle spike 1, iridescent scales 1, cold
resistance 1, subdued magic 1
a: Renounce Religion, Potion Petition, Call Merchant, Bribe Branch


You were on level 3 of the Lair of Beasts.
You worshipped Gozag.
Gozag was pleased with you.
You visited 2 branches of the dungeon, and saw 15 of its levels.

You collected 2819 gold pieces.
You spent 374 gold pieces at shops.
You paid 1469 gold pieces to Gozag.

Inventory:

Missiles
 c - a curare-tipped dart
 y - 44 poisoned darts (quivered)
Armour
 C - an orb of light
Magical Staves
 A - a staff of alchemy
Jewellery
 d - a +6 ring of strength (right tentacle)
 f - a ring of magical power (on tentacle)
 i - a +6 ring of dexterity (left tentacle)
 j - an amulet of the acrobat (around mantle)
 o - a ring of protection from fire (on tentacle)
 B - the amulet of the Genius {Faith rPois rN+++ Int-4 Stlth+}
   (You bought it in a shop on level 5 of the Dungeon)

   [amulet of faith]

   Faith:     It allows you to gain divine favour quickly.
   Int-4:     It affects your intelligence (-4).
   rPois:     It protects you from poison rN+++: It renders you almost immune to
   negative energy.
   Stlth+:    It makes you more stealthy.
 E - a ring of ice (on tentacle)
Talismans
 n - a blade talisman
 r - a blade talisman
 H - a serpent talisman
 L - a serpent talisman
Wands
 b - a wand of roots (4)
 g - a wand of flame (22)
 D - a wand of digging (6)
 J - a wand of polymorph (3)
 K - a wand of paralysis (2)
Scrolls
 k - a scroll of fog
 l - a scroll of brand weapon
 m - 3 scrolls of enchant armour
 q - 3 scrolls of identify
 s - a scroll of vulnerability
 v - 3 scrolls of amnesia
 z - 2 scrolls of immolation
 I - a scroll of enchant weapon
Potions
 a - a potion of invisibility {unknown}
 e - a potion of degeneration
 h - 4 potions of curing
 p - a potion of berserk rage {unknown}
 t - 4 potions of attraction
 u - a potion of magic {unknown}
 w - 2 potions of lignification
 x - a potion of mutation
 F - 4 potions of enlightenment {unknown}
 G - a potion of brilliance {unknown}


   Skills:
 + Level 7.1 Fighting
 + Level 2.8 Throwing
 - Level 2.3 Dodging
 - Level 1.3 Stealth
 + Level 19.3 Unarmed Combat
 - Level 3.2 Evocations


You had 12 spell levels left.
You didn't know any spells.
Your spell library contained the following spells:

 Spells                   Type           Power      Damage    Failure   Level
 Apportation              Tloc           0%         N/A       19%         1
 Foxfire                  Conj/Fire      0%         2x1d4     19%         1
 Kiss of Death            Conj/Necr      0%         2d5       19%         1
 Necrotise                Necr           0%         1d4       19%         1
 Slow                     Hex            0%         N/A       19%         1
 Sting                    Conj/Alch      0%         1d3       19%         1
 Summon Small Mammal      Summ           0%         N/A       19%         1
 Blink                    Tloc           0%         N/A       28%         2
 Lesser Beckoning         Tloc           0%         N/A       28%         2
 Momentum Strike          Conj/Tloc      0%         3d8       28%         2
 Call Canine Familiar     Summ           0%         N/A       50%         3
 Confusing Touch          Hex            0%         N/A       50%         3
 Gell's Gravitas          Tloc           0%         N/A       50%         3
 Hailstorm                Conj/Ice       0%         3d5       50%         3
 Sigil of Binding         Hex            0%         N/A       50%         3
 Summon Ice Beast         Ice/Summ       0%         N/A       50%         3
 Teleport Other           Tloc           0%         N/A       50%         3
 Vampiric Draining        Necr           0%         2d6       50%         3
 Dispel Undead            Necr           0%         3d6       89%         4
 Summon Blazeheart Golem  Fire/Summ      0%         N/A       89%         4
 Dispersal                Tloc           0%         N/A       100%        6
 Plasma Beam              Fire/Air       0%         2x1d10    100%        6
 Sculpt Simulacrum        Ice/Alch       0%         N/A       100%        6
 Starburst                Conj/Fire      0%         6d3       100%        6
 Haunt                    Necr/Summ      0%         N/A       100%        7
 Borgnjor's Revivificati  Necr           0%         N/A       100%        8
 Chain Lightning          Conj/Air       0%         N/A       100%        9
 Death's Door             Necr           0%         N/A       100%        9
 Fire Storm               Conj/Fire      0%         5d1       100%        9
 Shatter                  Erth           0%         3d5*      100%        9


Dungeon Overview and Level Annotations

Branches:
Dungeon (12/15)            Temple (0/1) D:6            Lair (3/5) D:10
  Snake (0/4) Lair:3          Orc (0/2) D:9
  Swamp: Lair:2-3    Shoals: Lair:2-3

Altars:
Ashenzari
Cheibriados
Dithmenos
Elyvilon
Fedhas
Gozag
Kikubaaqudgha
Makhleb
Qazlal
Ru
Uskayaw
Vehumet
Wu Jian
Xom
Yredelemnul
The Shining One

Shops:
D:2 !   D:5 *   D:8 (   D:9 (   D:10 :

Annotations:
D:2 1 runed translucent door, exclusion: door, Crazy Yiuf
D:6 1 runed translucent door, exclusion: door
D:9 exclusion: troll
D:10 Erolcha, Psyche, Sonja, Urug
D:11 exclusions: cyclops and downstairs
Lair:1 exclusion: oklob plant, Amaemon


Innate Abilities, Weirdness & Mutations

You cannot wear most types of armour.
You are amphibious.
You can wear up to eight rings at the same time.
Your skin changes colour to match your surroundings (Stealth+).
Your rubbery body absorbs attacks. (AC +1, EV +1)
((You are camouflaged when in or above water. (Stealth+)))
You have tentacles for arms and can constrict up to eight enemies at once.
One of your tentacles bears a spike.
You are partially covered in iridescent scales. (AC +2)
Your flesh is cold resistant. (rC+)
Your spells are a little easier to cast, but a little less powerful.


Message History

The blink frog is severely wounded.
The blink frog hits you.
You barely miss the blink frog. You grab the blink frog.
The blink frog is severely wounded.
You constrict the blink frog. The blink frog hits you! The blink frog hits you.
You tentacle-slap the blink frog.
Your tentacle spike misses the blink frog.
You tentacle-slap the blink frog.
You kill the blink frog!
The blink frog hits you!
You have reached level 13!
You barely miss the blink frog. Your grab misses the blink frog.
The blink frog hits you!
The blink frog blinks! x2
The blink frog blinks! x2
The blink frog blinks!
You bludgeon the blink frog! You grab the blink frog.
You pierce the blink frog.
You squeeze the blink frog!
The blink frog is almost dead.
You constrict the blink frog. The blink frog closely misses you.
You batter the blink frog!!
You kill the blink frog!
The blink frog hits you!
* * * LOW HITPOINT WARNING * * *
You closely miss the blink frog. Your grab misses the blink frog.
You pierce the blink frog.
Your tentacle-slap misses the blink frog.
The blink frog is lightly wounded.
The blink frog hits you but does no damage.
The blink frog blinks!
You tentacle-slap the blink frog but do no damage.
You grab the blink frog.
You pierce the blink frog.
You squeeze the blink frog.
The blink frog is moderately wounded.
You constrict the blink frog. The blink frog hits you.
* * * LOW HITPOINT WARNING * * *
You bludgeon the blink frog!
You pierce the blink frog.
You squeeze the blink frog, but do no damage.
The blink frog is almost dead.
You constrict the blink frog. The blink frog hits you!
You die...
Your body crumbles into a pile of gold.

##.......... ######...........
.♣ ###....#........... ...#
###.............#.#..
....######..............#.##..
F.......F.§.....F.......### #.
....F... .#............## #
........ ###F.........#
........#####@.....P.###
.......#$##.§###...###
.............# #.###
....?........#####
..#...........# ####........#
##.......# ##........
#.#.......#


You could see 2 blink frogs.

Vanquished Creatures
  2 hydras (Lair:2)
  3 two-headed ogres (D:9)
  Nergalle (D:10)
  A black mamba (Lair:3)
  A guardian serpent (Lair:3)
  6 cane toads
  A gargoyle (D:12)
  An unseen horror (D:10)
  Jeremiah (D:8)
  5 komodo dragons
  3 polar bears
  8 blink frogs
  3 wraiths
  A wyvern (D:8)
  30 yaks
  An unseen horror simulacrum (D:9)
  A basilisk (D:10)
  An acid dragon (D:9)
  9 water moccasins
  Duvessa (D:5)
  A sky beast (D:6)
  2 black bears
  7 ice beasts
  5 orc warriors
  12 wolves
  3 ogres
  A phantom (D:5)
  4 kobold brigands
  Blork the orc (D:4)
  A necrophage (D:5)
  7 bullfrogs
  11 scorpions
  5 wights (D:6)
  Dowan (D:5)
  8 killer bees
  2 electric eels (D:9)
  A howler monkey (D:5)
  4 bombardier beetles
  3 hounds
  3 orc priests
  A sleepcap (D:8)
  4 iguanas
  16 orc wizards
  A hound skeleton (D:5)
  14 gnolls
  7 adders
  A shadow imp (D:6)
  3 white imps
  5 ufetubi
  3 dart slugs (D:1)
  41 orcs
  8 bats (D:1)
  6 endoplasms
  13 giant cockroaches
  42 goblins
  26 hobgoblins
  3 jackals (D:2)
  4 quokkas
  5 ball pythons
  4 frilled lizards
  28 kobolds
  9 rats
  A butterfly (D:6)
407 creatures vanquished.

Vanquished Creatures (collateral kills)
  A kobold brigand (D:9)
  An adder (D:2)
  A shadow imp (D:8)
  A dart slug (D:2)
  4 orcs
  3 kobolds (D:9)
11 creatures vanquished.

Vanquished Creatures (others)
  A kobold (D:1)
1 creature vanquished.

Grand Total: 419 creatures vanquished

Notes
Turn   | Place    | Note
-------+----------+-------------------------------------------
     0 | D:1      | H0rd4k the Octopode Artificer began the quest for the Orb.
     0 | D:1      | Reached XP level 1. HP: 13/13 MP: 1/1
    67 | D:1      | Reached skill level 1 in Unarmed Combat
    77 | D:1      | Reached XP level 2. HP: 8/18 MP: 2/2
   311 | D:1      | Reached skill level 2 in Unarmed Combat
   313 | D:1      | Reached XP level 3. HP: 24/24 MP: 3/3
   820 | D:1      | Found a faded altar of an unknown god.
  1016 | D:2      | Found a runed translucent door.
  1017 | D:2      | Noticed Crazy Yiuf
  1077 | D:2      | Reached XP level 4. HP: 29/29 MP: 4/4
  1092 | D:2      | Reached skill level 3 in Unarmed Combat
  1413 | D:2      | Found Geprahun's Distillery.
  1509 | D:2      | Reached XP level 5. HP: 35/35 MP: 5/5
  1740 | D:3      | Found a shadowy altar of Dithmenos.
  1747 | D:3      | Found a snail-covered altar of Cheibriados.
  1759 | D:3      | Reached skill level 4 in Unarmed Combat
  1960 | D:3      | Found a blossoming altar of Fedhas.
  1988 | D:3      | Found a basalt altar of Yredelemnul.
  2113 | D:3      | Found a white marble altar of Elyvilon.
  2442 | D:4      | Reached skill level 5 in Unarmed Combat
  2442 | D:4      | Reached XP level 6. HP: 32/41 MP: 6/6
  2562 | D:4      | Noticed Blork the orc
  2570 | D:4      | Killed Blork the orc
  2571 | D:4      | Reached skill level 6 in Unarmed Combat
  2674 | D:4      | Reached XP level 7. HP: 29/45 MP: 7/7
  2916 | D:4      | Reached skill level 7 in Unarmed Combat
  3923 | D:5      | Entered Level 5 of the Dungeon
  3933 | D:5      | Found a burning altar of Makhleb.
  4022 | D:5      | Reached skill level 8 in Unarmed Combat
  4151 | D:5      | Reached XP level 8. HP: 52/52 MP: 8/8
  4168 | D:5      | Noticed Duvessa
  4208 | D:5      | Found a hide-covered altar of Uskayaw.
  4250 | D:5      | Killed Duvessa
  4268 | D:5      | Noticed Dowan
  4281 | D:5      | Killed Dowan
  4378 | D:5      | Found an opulent altar of Gozag.
  4402 | D:5      | Reached skill level 9 in Unarmed Combat
  4416 | D:5      | Became a worshipper of Gozag Ym Sagoz the Greedy
  4821 | D:5      | Found Xuqyxoju's Assorted Antiques.
  4829 | D:5      | Bought a coiled silver amulet for 110 gold pieces
  4829 | D:5      | Identified the amulet of the Genius {Faith rPois rN+++
                  | Int-4 Stlth+} (You bought it in a shop on level 5 of the
                  | Dungeon)
  5303 | D:6      | Reached skill level 10 in Unarmed Combat
  5345 | D:6      | Reached XP level 9. HP: 27/58 MP: 9/9
  5535 | D:6      | Found a runed translucent door.
  5537 | D:6      | Found a runed translucent door.
  5856 | D:6      | Found a broken altar of Ashenzari.
  6040 | D:7      | Reached skill level 11 in Unarmed Combat
  6923 | D:5      | Bought a shiny orb for 264 gold pieces
  7173 | D:6      | Found a staircase to the Ecumenical Temple.
  7434 | D:6      | Reached skill level 12 in Unarmed Combat
  8164 | D:6      | Reached XP level 10. HP: 61/65 MP: 10/10
  8195 | D:6      | Reached skill level 13 in Unarmed Combat
  8660 | D:8      | Found a shimmering altar of Xom.
  8856 | D:8      | Found Wipnuci's Antique Weapon Shop.
  9062 | D:8      | Noticed Jeremiah
  9069 | D:8      | Killed Jeremiah
  9174 | D:8      | Found a sacrificial altar of Ru.
  9464 | D:9      | Reached skill level 14 in Unarmed Combat
  9683 | D:9      | Noticed a two-headed ogre
  9728 | D:9      | Reached skill level 5 in Fighting
  9755 | D:9      | Killed a two-headed ogre
 10012 | D:9      | Reached skill level 1 in Throwing
 10140 | D:9      | Noticed a two-headed ogre
 10809 | D:10     | Entered Level 10 of the Dungeon
 10934 | D:10     | Found an ancient bone altar of Kikubaaqudgha.
 10988 | D:10     | Reached skill level 15 in Unarmed Combat
 11199 | D:10     | Found a staircase to the Lair.
 11210 | D:9      | Killed a two-headed ogre
 11211 | D:9      | Reached XP level 11. HP: 34/72 MP: 11/11
 11359 | D:9      | Noticed a two-headed ogre
 11375 | D:9      | Killed a two-headed ogre
 11775 | D:9      | Found a staircase to the Orcish Mines.
 12348 | D:10     | Noticed Erolcha
 12759 | D:10     | You fall into a shaft and drop 2 floors!
 12809 | D:12     | Noticed a boulder beetle
 12827 | D:12     | HP: 3/72 [boulder beetle (41)]
 12951 | D:11     | Found a radiant altar of Vehumet.
 13020 | D:11     | Noticed a cyclops
 13098 | D:10     | Found a stormy altar of Qazlal.
 13099 | D:10     | Noticed Urug
 13137 | D:10     | Noticed Sonja
 13146 | D:10     | Noticed Psyche
 13269 | D:10     | Reached skill level 16 in Unarmed Combat
 13467 | D:10     | Gained mutation: Your spells are a little easier to cast,
                  | but a little less powerful. [potion of mutation]
 13467 | D:10     | Gained mutation: Your flesh is cold resistant. (rC+)
                  | [potion of mutation]
 13467 | D:10     | Gained mutation: One of your tentacles bears a spike.
                  | [potion of mutation]
 13467 | D:10     | Gained mutation: You are partially covered in iridescent
                  | scales. (AC +2) [potion of mutation]
 13806 | D:10     | Noticed Nergalle
 13812 | D:10     | Killed Nergalle
 13862 | D:10     | Found a glowing golden altar of the Shining One.
 14204 | D:10     | Found an ornate altar of the Wu Jian Council.
 14448 | Lair:1   | Entered Level 1 of the Lair of Beasts
 14448 | Lair:1   | Noticed an oklob plant
 14617 | Lair:1   | Noticed Amaemon
 14882 | Lair:1   | Reached skill level 17 in Unarmed Combat
 14896 | Lair:1   | Reached XP level 12. HP: 49/79 MP: 12/12
 16059 | Lair:2   | Reached skill level 18 in Unarmed Combat
 16063 | Lair:2   | You fall into a shaft and drop 1 floor!
 16669 | Lair:2   | Noticed a four-headed hydra
 16674 | Lair:2   | Killed a four-headed hydra
 16939 | Lair:2   | Noticed a five-headed hydra
 17011 | Lair:2   | Killed a five-headed hydra
 17401 | Lair:3   | Found a staircase to the Snake Pit.
 17461 | Lair:3   | Reached skill level 19 in Unarmed Combat
 17718 | Lair:3   | Reached XP level 13. HP: 40/86 MP: 13/13
 17729 | Lair:3   | Slain by a blink frog

Illustrated notes

Levels and vault maps discovered:
D:1:      nzn_arrival_water_spiral, layout_loops_ring,
          hellmonk_ecumenical_altar_inner_sanctum, minmay_pentomino_w4
D:2:      cheibrodos_pilgrimage, layout_loops_ring, serial_shops,
          nicolae_lakefront_shop, minivault_26, minmay_split_cup_large,
          uniq_crazy_yiuf_cottage
D:3:      layout_rooms, fedhas_altar_2, elyvilon_altar_1,
          mainiacjoe_overflow_catwalk, old_standard_altar, lemuel_tele_altar
D:4:      minmay_goblin_kobold_castle, layout_basic, serial_rivers,
          chequers_serial_rivers_small_b, chequers_serial_rivers_small_3,
          chequers_serial_rivers_micro_d, chequers_serial_rivers_room_a,
          uniq_blork_the_orc
D:5:      layout_gridville, grunt_gozag_statues,
          mainiacjoe_overflow_concentric_impassable,
          makhleb_blood_cavern_becter, amcnicky_mini_pool_small,
          minmay_misc_feat_room, nicolae_stop_n_shop_1, uniq_duvessa
D:6:      lemuel_insect_pit, layout_gridville, mainiacjoe_overflow_tiny_flanked,
          minmay_temple_entry_antechambers, nrook_mini_backslash
D:7:      layout_basic, serial_co_window_serial, co_window_corner_a,
          co_window_paths_a, co_window_of_opportunity_a, co_window_cross_1,
          co_window_of_opportunity_a, co_window_corner_b, co_window_broadway_b,
          co_window_corner_cb, co_window_corner_b, co_window_corner_cb,
          co_window_paths_d, glass_columns_b, glass_columns_c, glass_columns_a
D:8:      layout_loops_ring, mainiacjoe_overflow_surrounded_room,
          nicolae_ru_path_of_blood, serial_shops, shop, grunt_ministairs_10,
          uniq_jeremiah
D:9:      layout_stronghold, david_orc_4, serial_ice, serial_ice_h,
          serial_ice_d, serial_ice_i, serial_ice_f
D:10:     layout_layer_cave, kiku_gazebo_garden_becter, grunt_qazlal_sundering,
          tso_altar, pdpol_wu_jian_five_deadly_venoms, david_lair_shrubbed,
          uniq_erolcha, uniq_psyche, uniq_urug, uniq_sonja, uniq_nergalle
D:11:     layout_small_grid, vehumet_altar_wand_db, uniq_harold
D:12:     layout_rooms
Lair:1:   layout_cave_pods, dpeg_stationary_puzzle, uniq_amaemon
Lair:2:   layout_roguey, lemuel_fruit_tree, grunt_megastairs_1
Lair:3:   layout_cave_shapes, nicolae_swamp_entry_spooky,
          minmay_snake_entry_spellcaster, serial_rivers,
          chequers_serial_rivers_micro_c, chequers_serial_rivers_marsh,
          chequers_serial_rivers_room_a, chequers_serial_rivers_small_3,
          chequers_serial_rivers_small_b

Skill      XL: |  1  2  3  4  5  6  7  8  9 10 11 12 |
---------------+-------------------------------------+-----
Unarmed Combat | 1 2 3 5 6 8 10 12 15 17 19 | 19.3
Fighting       | 2 3 4 5 6 7 |  7.1
Throwing       | 1 2 |  2.8
Dodging        | |  2.3
Stealth        | |  1.3
Evocations     | |  3.2

Action                     |  1- 3 |  4- 6 |  7- 9 | 10-12 | 13-15 || total
---------------------------+-------+-------+-------+-------+-------++-------
  Melee: Unarmed           |   100 |   106 |   290 |   470 |     6 ||   972
         Tentacles         |    18 |    38 |    60 |   119 |     3 ||   238
         Constrict         |    24 |    29 |    77 |    69 |     2 ||   201
         Punch             |     4 |     6 |    21 |    49 |       ||    80
         Kick              |       |       |       |    92 |     4 ||    96
  Throw: Dart              |       |       |       |    15 |       ||    15
 Invoke: Call Merchant     |       |       |       |     2 |       ||     2
  Evoke: Wand              |     1 |     4 |    36 |    22 |       ||    63
    Use: Scroll            |       |       |     8 |    10 |       ||    18
         Potion            |       |       |       |     7 |       ||     7
   Stab: Sleeping          |     9 |     6 |    14 |     9 |       ||    38
         Paralysed         |       |       |    15 |     3 |       ||    18
         Distracted        |       |       |     1 |     4 |       ||     5
 Armour: Skin              |    43 |    20 |    96 |   173 |     5 ||   337
  Dodge: Dodged            |    74 |    66 |   168 |   237 |     1 ||   546
